AoeStats
← jaquelinewu

Arabia

510332035Analyzed
1v1 RM · 3d ago on Sep 30, 2026· 73m 4s· 2 players
Game mode
Random Map
Map size
Tiny (2 player)
Population
200
Speed
Normal
Resources
Standard
Victory
Conquest
Starting age
Dark Age
Ending age
Imperial Age
RankedLock teamsTeams togetherTeam positionsShared explorationLock speedFull tech treeHidden civsTurbo modeCheats
Victory
Defeat
🇩🇪 Franks · Germany
872
+16
🇨🇳 Franks · China
879
-16
Astrodan
4:03 Loom
4:17 Loom
10:24 Feudal Age
11:07 Double-Bit Axe
15:08 Forging
23:26 Castle Age
21:51 Scale Barding Armor
21:39 Fletching
22:12 Padded Archer Armor
23:01 Scale Mail Armor
24:21 Bow Saw
24:57 Stone Mining
24:33 Crossbowman
25:15 Bodkin Arrow
28:48 Chain Mail Armor
28:01 Pikeman
32:39 Leather Archer Armor
33:01 Iron Casting
34:29 Wheelbarrow
33:42 Town Watch
35:17 Ballistics
35:08 Masonry
38:40 Imperial Age
40:52 Blast Furnace
41:45 Siege Engineers
45:20 Scale Barding Armor
46:07 Squires
48:09 Hand Cart
47:54 Town Patrol
48:40 Husbandry
48:02 Light Cavalry
51:38 Chemistry
50:13 Halberdier
52:08 Hoardings
54:44 Architecture
54:51 Chain Barding Armor
57:59 Plate Barding Armor
jaquelinewu
10:13 Feudal Age
17:28 Loom
22:21 Castle Age
23:07 Husbandry
25:07 Scale Barding Armor
25:16 Forging
36:50 Iron Casting
43:06 Ordonnance Companies
47:48 Imperial Age
47:51 Fervor
48:02 Cavalier
52:32 Elite Skirmisher
Connection lost

Rejoining the realm…

Still unreachable

The connection could not be restored.

Session expired

The server has moved on; the page needs a fresh start.